 Dungeon Crawl Stone Soup version 0.21-a0-401-g0b6bec4 (webtiles) character file.

40 Kavrick the Skirmisher (level 3, -2/29 HPs)
             Began as a Demonspawn Fighter on Oct 22, 2017.
             Killed from afar by an orc wizard (7 damage)
             ... with a magic dart
             ... on level 2 of the Dungeon.
             The game lasted 00:02:16 (1819 turns).

Kavrick the Skirmisher (Demonspawn Fighter)         Turns: 1819, Time: 00:02:17

Health: -2/29      AC:  6    Str: 17    XL:     3   Next: 30%
Magic:  3/3        EV:  7    Int:  9    God:
Gold:   158        SH:  9    Dex: 12    Spells: 2/2 levels left

rFire    . . .     SeeInvis .   a - +0 war axe
rCold    . . .     Gourm    .   c - +0 shield
rNeg     . . .     Faith    .   b - +0 scale mail
rPois    .         Spirit   .   (helmet restricted)
rElec    .         Reflect  .   (no cloak)
rCorr    .         Harm     .   (no gloves)
MR       .....                  (no boots)
Stlth    ..........             (no amulet)
HPRegen  0.09/turn              (no ring)
MPRegen  0.08/turn              (no ring)

@: no status effects
A: antennae 1
a: no special abilities


You were on level 2 of the Dungeon.
You were not hungry.

You visited 1 branch of the dungeon, and saw 2 of its levels.

You collected 158 gold pieces.

Inventory:

Hand Weapons
 a - a +0 war axe (weapon)
Armour
 b - a +0 scale mail (worn)
 c - a +0 shield (worn)
Jewellery
 m - an uncursed ring of fire {unknown}
Scrolls
 h - 3 scrolls of enchant armour {unknown}
 j - a scroll of fog {unknown}
 k - 2 scrolls of teleportation {unknown}
 q - a scroll of immolation {unknown}
 r - a scroll of enchant weapon {unknown}
 t - a scroll of identify {unknown}
Potions
 d - 2 potions of might
 e - a potion of curing {unknown}
 g - a potion of agility {unknown}
 n - a potion of flight {unknown}
 o - 3 potions of haste {unknown}
 u - a potion of magic {unknown}
Comestibles
 f - 3 bread rations
 i - a chunk of flesh
 l - a meat ration
 p - a royal jelly
 s - 3 fruits


   Skills:
 + Level 3.3 Fighting
 * Level 2.5 Axes
 + Level 3.0 Armour
 + Level 3.0 Shields


You had 2 spell levels left.
You didn't know any spells.

Dungeon Overview and Level Annotations

Branches:
Dungeon (2/15)

Altars:


Innate Abilities, Weirdness & Mutations

You have a pair of small antennae on your head.


Message History

* * * LOW HITPOINT WARNING * * *
You bump into the rock wall.
The orc priest hits you but does no damage.
Something hits you but does no damage.
The orc priest hits you but does no damage.
You bump into the rock wall.
Something hits you.
* * * LOW HITPOINT WARNING * * *
The orc priest barely misses you.
You bump into the rock wall.
You feel less confused.
You hear some strange, mumbled words.
You are confused.
The orc priest hits you but does no damage.
You bump into the rock wall.
Something hits you.
* * * LOW HITPOINT WARNING * * *
The orc priest hits you but does no damage.
You feel less confused.
A magic dart appears from out of thin air!
The magic dart hits you!
You die...

#o.....###.#
......###'#####.##### ###
..... #..>).........##
#.. .... ###.#####.###..#
#.. ..o #.##......##.#
#.. .. #o##......##.##
#.. . #{##......##..# #..
...###.##......###.###..
........@.............'..
###.....#####.#####..##..
#.....# #.# ##.####
###########o# #(.# #....#
##.## #.#### ##..##
#########o# #....#
#.........### #....#
#.........o.# #....#


You could see an orc priest.

Vanquished Creatures
  An adder (D:2)
  An adder zombie (D:2)
  A dart slug (D:1)
  A leopard gecko (D:2)
  An orc (D:2)
  4 goblins
  6 hobgoblins
  3 bats
  3 frilled lizards
  A kobold (D:1)
  3 rats
25 creatures vanquished.

Notes
Turn   | Place    | Note
-------+----------+-------------------------------------------
     0 | D:1      | Kavrick the Demonspawn Fighter began the quest for the Orb.
     0 | D:1      | Reached XP level 1. HP: 18/18 MP: 1/1
   264 | D:1      | Gained mutation: You have a pair of small antennae on your head. [demonic ancestry]
   264 | D:1      | Reached XP level 2. HP: 24/24 MP: 2/2
  1062 | D:2      | Reached XP level 3. HP: 21/29 MP: 3/3
  1313 | D:2      | Noticed an orc warrior
  1819 | D:2      | Killed from afar by an orc wizard

Vault maps used:
D:1:      dpeg_arrival_oval, grunt_decor_one_mirror
D:2:      minmay_wonky_spiral, first_bread, kennysheep_another_room,
          serial_bayou_crossing

Skill      XL: |  1  2  3 |
---------------+----------+-----
Axes           | 2 |  2.5
Armour         | 3 |  3.0
Shields        | 3 |  3.0
Fighting       | |  3.3

Action                   || total
-------------------------++-------
Melee: War axe           ||    96
  Eat: Chunk             ||     3
Armor: Scale mail        ||    47
Dodge: Dodged            ||    28
Block: Shield            ||    44

Table legend:
 A = Spawn XP
 B = Non-spawn XP
 C = Spawn XP percentage of total XP
 D = Spawn monster count
 E = Non-spawn monster count
 F = Spawn count percentage of total count
 G = Total turns spent on level
                    A         B        C        D         E        F      G
               +---------+---------+-------+---------+---------+-------+---------
         Total |       0 |      58 |   0.0 |       0 |      25 |   0.0 |  1819
               +---------+---------+-------+---------+---------+-------+---------
           D:1 |       0 |      25 |   0.0 |       0 |      15 |   0.0 |  1156
           D:2 |       0 |      33 |   0.0 |       0 |      10 |   0.0 |   663
               +---------+---------+-------+---------+---------+-------+---------
